 Dungeon Crawl Stone Soup version 0.31-a0-246-g8cbcc1cb85 (webtiles) character file.

Game seed: 4853518298655832359

113168 Midn8 the Brawler (level 16, -14/124 HPs)
             Began as a Merfolk Shapeshifter on July 13, 2023.
             Was the Champion of Hepliaklqana.
             Shot with an arrow by a satyr (30 damage)
             ... on level 2 of the Shoals.
             The game lasted 01:03:58 (23085 turns).

Midn8 the Brawler (Merfolk Shapeshifter)           Turns: 23085, Time: 01:03:59

Health: -14/124    AC: 10    Str: 22    XL:     16   Next: 62%
Magic:  23/23      EV: 20    Int: 11    God:    Hepliaklqana [******]
Gold:   2841       SH:  5    Dex: 16    Spells: 15/15 levels left

rFire   . .          .
                       - Unarmed
rCold   . . .        X - +0 buckler
rNeg    . . .        I - melded +0 ice dragon scales
rPois   .            a - +0 helmet
rElec   .            D - +1 cloak {Stlth+}
rCorr   .            Q - +0 pair of gloves
SInv    +            v - +1 pair of boots {Fly}
Will    .....        J - amulet of regeneration
Stlth   ++           w - +4 ring of protection
HPRegen 1.20/turn    Y - ring of Kybogumm {Int+4 Slay+4 SInv}
MPRegen 0.18/turn

%: no passive effects
@: maw-form, weak-willed, afraid, flying
A: devouring maw, reduced essence, (nimble swimmer 2), mertail
a: Renounce Religion, Recall Ancestor, Ancestor Identity, Transference, Idealise


You were on level 2 of the Shoals.
You worshipped Hepliaklqana.
Hepliaklqana was exalted by your worship.
You were a creature with a mouth for a stomach.
You visited 4 branches of the dungeon, and saw 24 of its levels.
You also visited: Bailey.

You collected 3555 gold pieces.
You spent 714 gold pieces at shops.

Inventory:

Missiles
 j - 26 poisoned darts
 r - 6 datura-tipped darts (quivered)
 x - 49 boomerangs
 E - 3 atropa-tipped darts
 F - 3 boomerangs of dispersal
 R - 3 silver javelins
 W - a throwing net
Armour
 a - a +0 helmet (worn)
 v - a +1 pair of boots of flying (worn)
 D - a +1 cloak of stealth (worn)
 I - +0 ice dragon scales (melded)
 Q - a +0 pair of gloves (worn)
 X - a +0 buckler (worn)
Jewellery
 n - a ring of protection from cold
 p - a ring of protection from fire
 w - a +4 ring of protection (left hand)
 z - an amulet of the acrobat
 J - an amulet of regeneration (around neck)
 U - the ring "Muttet" {Will- Int+7 Dex+3 Slay+4}
   (You found it on level 3 of the Lair of Beasts)

   [ring of slaying]

   Int:       It affects your intelligence (+7).
   Dex:       It affects your dexterity (+3).
   Slay:      It affects your accuracy & damage with ranged weapons and melee
   (+4).
   Will:      It decreases your willpower.
 Y - the ring of Kybogumm (right hand) {Int+4 Slay+4 SInv}
   (You found it on level 15 of the Dungeon)

   [ring of slaying]

   Int:       It affects your intelligence (+4).
   Slay:      It affects your accuracy & damage with ranged weapons and melee
   (+4).
   SInv:      It lets you see invisible.
Talismans
 c - a beast talisman
Wands
 h - a wand of flame (60)
 i - a wand of polymorph (8)
 u - a wand of paralysis (28)
 y - a wand of light (27)
 H - a wand of roots (12)
 S - a wand of mindburst (6)
 Z - a wand of digging (5)
Scrolls
 l - 5 scrolls of fear
 o - 4 scrolls of identify
 q - 3 scrolls of vulnerability
 t - a scroll of blinking
 A - 2 scrolls of poison
 B - 5 scrolls of enchant weapon
 G - 3 scrolls of revelation
 L - a scroll of brand weapon
 N - 5 scrolls of fog
 P - 7 scrolls of teleportation
 V - a scroll of amnesia
Potions
 b - 5 potions of lignification
 d - 2 potions of haste
 e - 9 potions of curing
 f - 2 potions of magic
 k - a potion of invisibility
 m - 5 potions of enlightenment
 s - a potion of brilliance
 C - a potion of heal wounds
 K - 3 potions of attraction
 M - 9 potions of ambrosia
 O - 2 potions of might
Miscellaneous
 T - a piece from Xom's chessboard (15/15)


   Skills:
 - Level 16.0 Fighting
 - Level 5.0 Armour
 - Level 14.0 Dodging
 - Level 3.0 Shields
 - Level 18.0 Unarmed Combat
 - Level 10.0 Invocations
 - Level 6.0 Evocations
 + Level 12.7 Shapeshifting


You had 15 spell levels left.
You didn't know any spells.
Your spell library contained the following spells:

 Spells                   Type           Power      Damage    Failure   Level
 Foxfire                  Conj/Fire      0%         2x1d4     41%         1
 Sting                    Tmut/Pois      0%         1d3       41%         1
 Summon Small Mammal      Summ           0%         N/A       41%         1
 Blink                    Tloc           0%         N/A       54%         2
 Ensorcelled Hibernation  Hex/Ice        0%         N/A       54%         2
 Lesser Beckoning         Tloc           0%         N/A       54%         2
 Momentum Strike          Conj/Tloc      0%         3d8       54%         2
 Passwall                 Tmut/Erth      0%         N/A       54%         2
 Poisonous Vapours        Pois/Air       0%         N/A       54%         2
 Static Discharge         Conj/Air       0%         2-2/arc   54%         2
 Call Canine Familiar     Summ           0%         N/A       78%         3
 Dazzling Flash           Conj/Hex       0%         N/A       78%         3
 Frozen Ramparts          Ice            0%         1d1       78%         3
 Portal Projectile        Hex/Tloc       0%         N/A       78%         3
 Summon Guardian Golem    Hex/Summ       0%         N/A       78%         3
 Swiftness                Air            0%         N/A       78%         3
 Vhi's Electric Charge    Tloc/Air       0%         N/A       78%         3
 Volatile Blastmotes      Fire/Tloc      0%         2d10      78%         3
 Airstrike                Air            0%         2d(0-16)  99%         4
 Anguish                  Hex/Necr       0%         N/A       99%         4
 Cause Fear               Hex            0%         N/A       99%         4
 Leda's Liquefaction      Hex/Erth       0%         N/A       99%         4
 Manifold Assault         Tloc           0%         N/A       99%         4
 Olgreb's Toxic Radiance  Pois           0%         N/A       99%         4
 Petrify                  Tmut/Erth      0%         N/A       99%         4
 Summon Lightning Spire   Summ/Air       0%         N/A       99%         4
 Arcjolt                  Conj/Air       0%         1d10      100%        5
 Metabolic Englaciation   Hex/Ice        0%         N/A       100%        5
 Summon Forest            Summ/Tloc      0%         N/A       100%        5
 Summon Mana Viper        Hex/Summ       0%         N/A       100%        5
 Plasma Beam              Fire/Air       0%         2x1d10    100%        6
 Starburst                Conj/Fire      0%         6d3       100%        6
 Summon Cactus Giant      Summ           0%         N/A       100%        6
 Enfeeble                 Hex            0%         N/A       100%        7
 Maxwell's Capacitive Co  Air            0%         ∞         100%        8


Dungeon Overview and Level Annotations

Branches:
Dungeon (15/15)            Temple (0/1) D:5            Lair (5/5) D:8
 Shoals (2/4) Lair:3        Snake (0/4) Lair:3        Slime (0/5) Lair:4
    Orc (2/2) D:9             Elf (0/3) Orc:2        Vaults (0/5) D:13
 Depths (0/4) D:15         Bailey (visited)

Altars:
Ashenzari
Elyvilon
Fedhas
Hepliaklqana
Nemelex Xobeh
Okawaru
Sif Muna
Xom
Zin
Jiyva

Shops:
D:4 (   D:7 :   D:12 *   Orc:2 =:?:

Annotations:
D:3 3 runed translucent doors, cforsyth's ghost, amateur OgSh
D:15 1 transporter
Lair:2 exclusion: 2 oklob plants


Innate Abilities, Weirdness & Mutations

You are a creature with a mouth for a stomach.
Your midsection houses a second, enormous mouth.
Your life essence is reduced to manifest your ancestor. (-10% HP)
((You are very nimble when in or above water. (Stealth+, EV+, Speed+++)))
Your lower body shifts to a powerful aquatic tail in water.


Message History

The arrow misses you.
You cannot move closer to the satyr!
The satyr shoots an arrow.
The arrow hits Booper!!
Booper closely misses the satyr.
The faun shoots a sling bullet.
The sling bullet hits Booper.
The satyr unwields a +0 longbow.
The satyr wields a +0 club.
The satyr hits Booper with a +0 club!!
Booper is destroyed!
The faun points at you and mumbles some strange words.
Your willpower is stripped away!
The satyr unwields a +0 club.
The satyr wields a +0 longbow.
The satyr shoots an arrow.
The arrow hits you!!
You pummel the faun!! You bite the faun!!
The faun is almost dead.
You punch the faun!
You devour the faun!
You feel better.
You kill the faun!
You are no longer terrified.
The satyr plays a frightful melody on its pipes!
The satyr radiates an aura of fear!
You are terrified of the satyr!
The faun hits you with a +0 club!!
* * * LOW HITPOINT WARNING * * *
You hit the faun. You bite the faun!!
The faun is heavily wounded.
The satyr shoots an arrow.
You block the arrow. The faun barely misses you.
You hit the faun. You bite the faun!
The faun is almost dead.
The satyr shoots an arrow.
You block the arrow. The faun hits you with a +0 club!
* * * LOW HITPOINT WARNING * * *
You punch the faun!
You devour the faun!
You feel better.
You kill the faun!
You hear a splash. x2
A faun comes into view. It is wielding a +0 club.
The satyr shoots an arrow.
The arrow completely misses you.
The faun unwields a +0 club.
The faun wields a +0 sling.
The faun shoots a sling bullet.
The sling bullet hits you!!
* * * LOW HITPOINT WARNING * * *
The satyr shoots an arrow.
The arrow hits you!!
You die...

...## #.......~~~~~≈≈≈≈
....≈..###.....~~~~P~≈≈≈≈
.(.≈≈~..##.....~~~~≈≈≈≈≈~
.~.≈≈≈~..##.).~~~~≈≈≈≈≈≈~
#.≈≈≈≈~...#)))~~~≈≈≈≈≈≈≈~
#≈≈≈≈≈~....#.~~≈≈)≈≈≈≈≈≈
.#≈≈≈≈≈~....#~~~≈≈≈≈≈≈≈≈≈
..≈≈≈≈≈~..###P~≈≈≈≈≈≈≈≈≈≈
..≈≈≈≈).W###~~)≈≈≈≈≈≈≈≈≈≈
...≈≈≈~.#.#~~≈≈≈≈≈≈≈≈≈≈≈≈
...≈≈~..)##~≈≈≈≈≈≈≈≈≈≈≈≈≈
~...≈..c.#.~≈≈≈≈≈≈≈≈≈≈≈≈≈
~~...#####~~≈≈≈≈≈≈≈≈≈≈≈≈≈
~~~.. .~~~≈≈≈≈≈≈≈≈≈≈≈≈≈
~~~c c~~~~≈≈≈≈≈≈≈≈≈≈≈≈≈
.... ~~~~≈≈≈≈≈≈≈≈≈≈≈≈≈≈
~~~~~~~≈≈≈≈≈≈≈≈≈≈≈≈


You could see a satyr (scary) and a faun.

Vanquished Creatures
  A sphinx (D:9)
  Gastronok (Orc:2)
  Snorg (Lair:5)
  A fire dragon (D:15)
  A merfolk impaler (Shoals:1)
  2 great orbs of eyes (D:15)
  A spriggan air mage (D:15)
  2 vault guards (D:15)
  An ogre mage (D:15)
  5 hydras
  A catoblepas (Lair:2)
  A merfolk avatar (Shoals:2)
  5 merfolk aquamancers (Shoals:2)
  6 two-headed ogres
  Erica (Lair:1)
  2 dancing weapons (D:13)
  6 centaur warriors
  3 death yaks
  A tengu warrior (D:14)
  4 orc high priests
  4 skysharks
  3 skeletal warriors (D:14)
  2 sea snakes
  A deep elf zephyrmancer (D:15)
  6 orc knights (Orc:2)
  6 harpies
  A necromancer (Lair:5)
  7 manticores
  A deep elf pyromancer (D:15)
  5 cyclopes
  An ugly thing (D:13)
  4 fauns (Shoals:2)
  3 orc sorcerers
  A wolf spider (D:15)
  A salamander (Lair:3)
  4 black mambas
  3 elephants (Lair:5)
  3 merfolk sirens
  A water nymph (Shoals:1)
  An unseen horror (shapeshifter) (D:15)
  6 cane toads
  13 rime drakes
  4 komodo dragons
  A tengu conjurer (D:13)
  A merfolk (Shoals:2)
  3 polar bears
  2 wind drakes
  4 hornets
  A queen bee (Lair:1)
  5 trolls
  2 dream sheep (Lair:5)
  5 blink frogs
  11 slime creatures
  3 snapping turtles
  A wyvern (D:6)
  A vampire (D:12)
  3 shadows
  A water elemental (Shoals:1)
  22 yaks
  10 spriggans (Lair:5)
  A wraith (D:12)
  2 basilisks
  A steam dragon (Lair:3)
  6 vampire mosquitoes
  4 wargs
  2 acid dragons
  17 water moccasins
  3 black bears
  An ice beast (D:6)
  30 orc warriors
  A sky beast (D:5)
  3 boggarts (Lair:5)
  8 centaurs
  19 wolves
  7 ogres
  2 phantoms
  A kobold brigand (D:10)
  16 bullfrogs
  2 gnoll sergeants
  4 scorpions
  3 wights (D:6)
  22 killer bees (Lair:1)
  A lava snake (Lair:3)
  2 hounds
  21 orc priests
  2 jellies (D:4)
  Ijyb (D:3)
  5 iguanas
  A sleepcap (D:5)
  11 orc wizards
  2 polar bear simulacra (Lair:5)
  3 wolf simulacra (Lair:5)
  Robin (D:3)
  9 adders
  11 gnolls
  A white imp (D:5)
  A worm (D:2)
  43 orcs
  8 ball pythons
  6 bats
  3 endoplasms
  6 giant cockroaches
  20 goblins
  14 hobgoblins
  5 quokkas
  2 frilled lizards
  13 kobolds
  5 rats
  3 river rat simulacra (Lair:5)
558 creatures vanquished.

Vanquished Creatures (collateral kills)
  A hydra (Lair:4)
  2 centaur warriors (D:13)
  A death knight (D:14)
  A boulder beetle (D:15)
  A two-headed ogre (D:14)
  A death yak (Lair:5)
  A tengu warrior (D:15)
  A deep troll shaman (D:15)
  An orc high priest (Orc:2)
  A spriggan berserker (D:15)
  2 skeletal warriors (D:14)
  2 orc knights (Bailey)
  A harpy (shapeshifter) (D:14)
  2 deep elf pyromancers
  4 harpies
  A cyclops (D:15)
  2 manticores
  A merfolk siren (Shoals:2)
  3 elephants (Lair:5)
  2 black mambas
  3 cane toads
  6 rime drakes (Lair:3)
  A tengu conjurer (D:15)
  2 komodo dragons
  A merfolk (Shoals:1)
  5 trolls
  A meliai (D:15)
  2 hornets
  2 polar bears
  4 blink frogs
  2 slime creatures (D:14)
  A water elemental (Shoals:1)
  6 spriggans
  A wyvern (D:9)
  5 yaks
  2 basilisks
  6 steam dragons
  A warg (Orc:1)
  2 acid dragons
  A water moccasin (Lair:4)
  11 orc warriors
  2 black bears
  An ogre (Orc:2)
  12 wolves
  A boggart (Lair:5)
  6 centaurs
  4 bullfrogs
  2 scorpions
  3 killer bees (Lair:1)
  A killer bee (shapeshifter) (D:13)
  2 lava snakes (Lair:3)
  9 orc priests
  4 orc wizards
  A polar bear simulacrum (Lair:5)
  4 gnolls
  A shadow imp (D:8)
  23 orcs
  A goblin (Bailey)
  7 kobolds
  2 river rat simulacra (Lair:5)
182 creatures vanquished.

Vanquished Creatures (others)
  A catoblepas (D:15)
  A merfolk (Shoals:2)
  A jumping spider (shapeshifter) (D:13)
  26 battlemagi
  2 ancestors
31 creatures vanquished.

Grand Total: 771 creatures vanquished

Notes
Turn   | Place    | Note
-------+----------+-------------------------------------------
     0 | D:1      | Midn8 the Merfolk Shapeshifter began the quest for the Orb.
     0 | D:1      | Reached XP level 1. HP: 16/16 MP: 1/1
   134 | D:1      | Reached XP level 2. HP: 21/22 MP: 2/2
   149 | D:1      | Reached skill level 3 in Unarmed Combat
   757 | D:2      | Reached skill level 4 in Unarmed Combat
   757 | D:2      | Reached XP level 3. HP: 19/27 MP: 3/3
  1514 | D:3      | Found a runed translucent gate.
  1515 | D:3      | Found a runed translucent gate.
  1517 | D:3      | Noticed a kobold brigand
  1517 | D:3      | Noticed cforsyth's ghost (amateur OgSh)
  1603 | D:3      | Reached XP level 4. HP: 24/33 MP: 4/4
  1612 | D:3      | Reached skill level 5 in Unarmed Combat
  1712 | D:3      | Noticed Robin
  1735 | D:3      | Reached XP level 5. HP: 38/38 MP: 5/5
  1742 | D:3      | Killed Robin
  1886 | D:3      | Reached skill level 6 in Unarmed Combat
  1942 | D:3      | Noticed Ijyb
  1956 | D:3      | Killed Ijyb
  2155 | D:3      | Found a runed translucent gate.
  2447 | D:3      | Reached XP level 6. HP: 45/47 MP: 6/6
  2454 | D:4      | Identified the +0 mace of Articulation {flame, rC+ Will+
                  | rCorr SInv}
  2564 | D:4      | Found Zieturir's Antique Weapon Emporium.
  2709 | D:4      | Found a hazy altar of Hepliaklqana.
  2729 | D:4      | Found a glowing silver altar of Zin.
  2740 | D:4      | Found a sparkling altar of Nemelex Xobeh.
  2746 | D:4      | Became a worshipper of Hepliaklqana the Forgotten
  2916 | D:4      | Reached skill level 7 in Unarmed Combat
  2919 | D:4      | Reached XP level 7. HP: 38/54 MP: 7/7
  3464 | D:5      | Entered Level 5 of the Dungeon
  3504 | D:5      | Reached skill level 8 in Unarmed Combat
  3666 | D:5      | Reached skill level 5 in Fighting
  3813 | D:5      | Found a staircase to the Ecumenical Temple.
  3832 | D:5      | Reached * piety under Hepliaklqana
  3998 | D:6      | Reached XP level 8. HP: 31/57 MP: 8/8
  4090 | D:6      | Noticed a wyvern
  4106 | D:6      | Killed a wyvern
  4107 | D:6      | Reached skill level 9 in Unarmed Combat
  4493 | D:6      | Found a shimmering blue altar of Sif Muna.
  4555 | D:6      | Reached skill level 10 in Unarmed Combat
  4589 | D:6      | Reached skill level 5 in Shapeshifting
  4913 | D:6      | Reached XP level 9. HP: 59/62 MP: 9/9
  5230 | D:6      | Reached skill level 5 in Dodging
  5356 | D:7      | Reached ** piety under Hepliaklqana
  5361 | D:7      | Remembered your ancestor Booper as a battlemage
  5457 | D:7      | Found Xacsale's Book Boutique.
  5651 | D:8      | Noticed a two-headed ogre
  5726 | D:8      | Reached skill level 11 in Unarmed Combat
  5734 | D:8      | Reached XP level 10. HP: 57/72 MP: 10/10
  5742 | D:8      | Found a staircase to the Lair.
  5915 | D:8      | Found a flagged portal.
  5929 | Bailey   | Entered a bailey
  5953 | Bailey   | Reached skill level 12 in Unarmed Combat
  6038 | Bailey   | Noticed an orc knight
  6041 | Bailey   | Noticed an orc knight
  6120 | Bailey   | Killed an orc knight
  6146 | Bailey   | Killed an orc knight
  6172 | Bailey   | Reached skill level 13 in Unarmed Combat
  6333 | D:8      | Killed a two-headed ogre
  6729 | D:9      | Reached skill level 14 in Unarmed Combat
  6752 | D:9      | Found a broken altar of Ashenzari.
  6818 | D:9      | Found a staircase to the Orcish Mines.
  6851 | D:9      | Reached XP level 11. HP: 65/78 MP: 11/11
  6954 | D:9      | Noticed a sphinx
  6958 | D:9      | Paralysed by a sphinx for 5 turns
  6970 | D:9      | Killed a sphinx
  6971 | D:9      | Reached skill level 10 in Fighting
  7803 | D:10     | Entered Level 10 of the Dungeon
  7944 | D:10     | Reached *** piety under Hepliaklqana
  8037 | D:10     | Noticed a two-headed ogre
  8039 | D:10     | Found an iron altar of Okawaru.
  8059 | D:10     | Killed a two-headed ogre
  8256 | D:10     | Noticed a two-headed ogre
  8261 | D:10     | Killed a two-headed ogre
  8739 | Lair:1   | Entered Level 1 of the Lair of Beasts
  8784 | Lair:1   | Reached skill level 15 in Unarmed Combat
  9186 | Lair:1   | Noticed Erica
  9191 | Lair:1   | Reached skill level 16 in Unarmed Combat
  9220 | Lair:1   | Killed Erica
  9400 | Lair:1   | Found a sparkling altar of Nemelex Xobeh.
  9408 | Lair:1   | Reached XP level 12. HP: 87/87 MP: 12/12
  9672 | Lair:2   | Identified the +12 spear of Death's Door {freeze, Dex+3}
  9739 | Lair:2   | Noticed a catoblepas
  9750 | Lair:2   | Killed a catoblepas
  9920 | Lair:2   | Reached **** piety under Hepliaklqana
 10045 | Lair:2   | Found a blossoming altar of Fedhas.
 10445 | Lair:2   | Reached skill level 1 in Invocations
 10692 | Lair:3   | Noticed a four-headed hydra
 10697 | Lair:3   | Killed a four-headed hydra
 10715 | Lair:3   | Identified the +2 ring mail "Engud" {Int+7}
 10884 | Lair:3   | Found a staircase to the Shoals.
 10892 | Lair:3   | Reached skill level 5 in Invocations
 10996 | Lair:3   | Noticed a skyshark
 11011 | Lair:3   | Killed a skyshark
 11012 | Lair:3   | Reached skill level 1 in Armour
 11453 | Lair:3   | Found a staircase to the Snake Pit.
 12042 | Lair:3   | Reached XP level 13. HP: 92/97 MP: 17/17
 12089 | Lair:3   | Reached skill level 5 in Armour
 12249 | Lair:3   | Identified the +5 short sword of Inference {drain, Dex+5}
 12252 | Lair:3   | Identified the ring "Muttet" {Will- Int+7 Dex+3 Slay+4}
 12519 | Lair:4   | Reached skill level 10 in Dodging
 12664 | Lair:4   | Found a viscous altar of Jiyva.
 12664 | Lair:4   | Found a staircase to the Slime Pits.
 13329 | Lair:5   | Entered Level 5 of the Lair of Beasts
 13598 | Lair:5   | Reached skill level 17 in Unarmed Combat
 13620 | Lair:5   | Reached XP level 14. HP: 65/103 MP: 20/20
 13800 | Lair:5   | Reached ***** piety under Hepliaklqana
 13860 | Lair:5   | Noticed Snorg
 13869 | Lair:5   | Killed Snorg
 14006 | Lair:5   | Reached skill level 18 in Unarmed Combat
 14641 | Lair:5   | Identified the +8 hand axe "Gotsonle" {holy, Will+ rCorr
                  | Dex+3}
 16251 | D:12     | Found Xeogg's Assorted Antiques.
 16264 | D:12     | Bought a red potion for 17 gold pieces
 16625 | D:13     | You fall into a shaft and drop 2 floors!
 16625 | D:15     | Entered Level 15 of the Dungeon
 16638 | D:15     | Reached skill level 10 in Shapeshifting
 16638 | D:15     | Reached skill level 1 in Evocations
 16883 | D:15     | Found a white marble altar of Elyvilon.
 17180 | D:15     | Reached skill level 5 in Evocations
 17225 | D:15     | Reached XP level 15. HP: 104/113 MP: 21/21
 17228 | D:15     | Identified the ring of Kybogumm {Int+4 Slay+4 SInv}
 17254 | D:15     | Found a staircase to the Depths.
 17259 | D:15     | Identified the ring "Ossapsuz" {EV+5 Str+4}
 17269 | D:15     | HP: 5/114 [spriggan air mage/the air (23)]
 17441 | D:15     | Reached skill level 15 in Fighting
 17507 | D:15     | Identified the +6 rapier "Ser Haos" {speed, rC+}
 17940 | D:13     | Identified the ring of Metum {Wiz Int+5}
 17971 | D:13     | Identified the +0 robe of Music {Dex+4}
 18223 | D:13     | Found a gate to the Vaults.
 18682 | D:13     | Found a shimmering altar of Xom.
 19133 | D:15     | Found a transporter.
 19155 | D:15     | Paralysed by a floating eye for 3 turns
 19301 | Orc:1    | Entered Level 1 of the Orcish Mines
 19761 | Orc:2    | Entered Level 2 of the Orcish Mines
 19803 | Orc:2    | Found a staircase to the Elven Halls.
 19961 | Orc:2    | Reached ****** piety under Hepliaklqana
 19992 | Orc:2    | Reached skill level 10 in Invocations
 20038 | Orc:2    | Reached skill level 1 in Shields
 20415 | Orc:2    | HP: 1/117 [sixfirhy[an orc high priest] (10)]
 20557 | Orc:2    | Reached XP level 16. HP: 102/124 MP: 23/23
 21009 | Orc:2    | Found Fivegini's Jewellery Boutique.
 21012 | Orc:2    | Found Gejeaw's Magic Scroll Shop.
 21013 | Orc:2    | Found Xulelus's Book Boutique.
 21014 | Orc:2    | Found Rios Pit's Book Boutique.
 21018 | Orc:2    | Bought a scroll of blinking for 97 gold pieces
 21021 | Orc:2    | Bought a maw talisman for 600 gold pieces
 21529 | Orc:1    | Noticed Gastronok
 21536 | Orc:2    | Killed Gastronok
 21783 | Shoals:1 | Entered Level 1 of the Shoals
 23085 | Shoals:2 | Shot with an arrow by a satyr

Illustrated notes

Levels and vault maps discovered:
D:1:      dpeg_arrival_erosion, layout_loops_cross
D:2:      minmay_general_purpose_star, layout_basic
D:3:      kennysheep_big_flooded_room, layout_loops_ring,
          gammafunk_ghost_nasty_kobolds, hangedman_decor_clover_reticule,
          minmay_misc_feat_tiny, uniq_robin, uniq_ijyb
D:4:      layout_gridville, gammafunk_temple_overflow_forgotten, serial_shops,
          shop, minmay_misc_feat_enclosed, columned_hall_lemuel
D:5:      layout_rooms, temple_statues
D:6:      layout_basic, nicolae_sif_muna_little_library
D:7:      layout_rooms, serial_shops, shop, minmay_splitting_lines
D:8:      layout_basic, due_lair_maze_entry_diamond, enter_bailey_6
D:9:      layout_basic, kennysheep_mini_moat, erik_orc_3,
          kennysheep_just_a_vault
D:10:     layout_basic, mainiacjoe_overflow_brackets, skrybe_limestone_x,
          minivault_26
D:11:     layout_cave_pools, serial_glass, glass_columns_b, glass_columns_c,
          glass_columns_a, glass_columns_b, glass_columns_b, glass_columns_a,
          glass_columns_a, glass_columns_c, glass_columns_a, glass_columns_a,
          glass_columns_c, glass_columns_a, glass_columns_b, glass_columns_c,
          feat_on_display, item_on_display_a, feat_on_display
D:12:     layout_grid_maze, serial_shops, shop
D:13:     layout_basic, erik_vaults_1, gauntlet_entry_generic,
          xom_confusion_cloud
D:14:     layout_roguey, serial_park_paths [serial_park_minivault_5x5_6]
D:15:     hangedman_spin_cycle
Lair:1:   layout_cave_shapes, special_room [special_room_bee], basic_altar,
          uniq_erica
Lair:2:   layout_big_grid, hangedman_tree_tricks
Lair:3:   layout_loops_ring, nicolae_shoals_entry_roost,
          nicolae_snake_entry_warm_welcome, serial_rivers,
          chequers_serial_rivers_small_b, chequers_serial_rivers_micro_e,
          chequers_serial_rivers_large_a, chequers_serial_rivers_micro_c,
          chequers_serial_rivers_room_a, bobbens_dragon_lair_wall,
          lemuel_fruit_tree
Lair:4:   layout_small_grid, dpeg_slime_entry_corner,
          grunt_forest_large_clearings, grunt_megastairs_1
Lair:5:   minmay_lair_end_enchanted_forest, layout_gridlike,
          eino_house_with_fridge, grunt_megastairs_5, uniq_snorg
Shoals:1: layout_shoals, nzn_prometheus_bound
Shoals:2: layout_shoals, nicolae_shoals_lost_giant_temple,
          nicolae_shoals_aquamancer_cove, uniq_polyphemus
Orc:1:    layout_diamond_mine, uniq_gastronok
Orc:2:    st_orc_pillars, layout_diamond_mine, basic_altar,
          nicolae_orc_stony_grotto, uniq_azrael

Skill      XL: |  1  2  3  4  5  6  7  8  9 10 11 12 13 14 15 16 |
---------------+-------------------------------------------------+-----
Unarmed Combat | 4 5 6 7 8 10 11 14 16 17 18 | 18.0
Fighting       | 3 4 6 8 10 12 14 16 | 16.0
Shapeshifting  | 5 7 9 10 12 | 12.7
Dodging        | 3 6 8 10 12 14 | 14.0
Invocations    | 6 8 10 | 10.0
Armour         | 4 5 |  5.0
Evocations     | 5 6 |  6.0
Shields        | 3 |  3.0

Action                     |  1- 3 |  4- 6 |  7- 9 | 10-12 | 13-15 | 16-18 || total
---------------------------+-------+-------+-------+-------+-------+-------++-------
  Melee: Unarmed           |    85 |   119 |   176 |   309 |   691 |   170 ||  1550
         Punch             |     2 |    11 |    11 |    36 |    33 |       ||    93
         Tailslap          |       |       |       |     3 |     1 |       ||     4
         Maw               |       |       |       |       |       |    58 ||    58
  Throw: Dart              |       |       |       |       |     1 |       ||     1
 Invoke: Ancestor Identity |       |       |     1 |       |       |       ||     1
         Recall Ancestor   |       |       |     1 |     1 |     5 |     3 ||    10
         Ancestor Life: Ba |       |       |     1 |       |       |       ||     1
         Idealise          |       |       |       |       |     2 |       ||     2
         Transference      |       |       |       |       |     2 |       ||     2
  Evoke: Wand              |       |       |       |     3 |     2 |     3 ||     8
    Use: Scroll            |     7 |       |     9 |     2 |     9 |       ||    27
         Potion            |       |       |       |     2 |     2 |       ||     4
   Stab: Sleeping          |     1 |       |       |       |       |     3 ||     4
         Distracted        |       |       |     2 |     5 |     9 |     2 ||    18
 Armour: Animal skin       |     4 |       |       |       |       |       ||     4
         Chain mail        |    33 |    51 |    66 |    13 |       |       ||   163
         Ice dragon scales |       |       |       |    66 |   233 |    10 ||   309
         Skin              |       |       |       |     4 |       |    30 ||    34
  Dodge: Dodged            |    25 |    33 |    67 |   206 |   479 |   109 ||   919
  Block: Buckler           |       |       |       |       |    71 |    30 ||   101
   Form: Maw               |       |       |       |       |       |     1 ||     1

Table legend: (Time is in decaauts)
 A = Elapsed time spent in this place.
 B = Non-inter-level travel time spent in this place.
 C = Inter-level travel time spent in this place.
 D = Time resting spent in this place.
 E = Time spent auto-exploring this place.
 F = Levels seen in this place.
 G = Mean time per level.
                   A        B        C        D        E       F      G
               +--------+--------+--------+--------+--------+-----+--------+
         Total |  22386 |  20921 |   1465 |   5067 |  11418 |  25 |  895.4 |
       Dungeon |  12912 |  11931 |    981 |   2444 |   7339 |  15 |  860.8 |
          Lair |   6039 |   5821 |    218 |   2055 |   2686 |   5 | 1207.8 |
        Shoals |   1007 |    996 |     11 |    199 |    475 |   2 |  503.5 |
  Orcish Mines |   2096 |   1842 |    254 |    356 |    831 |   2 | 1048.0 |
        Bailey |    330 |    330 |      0 |     13 |     87 |   1 |  330.0 |
               +--------+--------+--------+--------+--------+-----+--------+

Top non-repeatable levels by time:
  Lair:3: 1614 daAuts
     D:9: 1385 daAuts
   Orc:2: 1320 daAuts
  Lair:5: 1211 daAuts
     D:6: 1208 daAuts
  Lair:4: 1188 daAuts
    D:12: 1177 daAuts
  Lair:2: 1096 daAuts
    D:10: 1014 daAuts
     D:4: 1013 daAuts
    D:13: 992 daAuts
    D:15: 970 daAuts
  Lair:1: 928 daAuts
     D:3: 921 daAuts
     D:2: 799 daAuts
